 Dungeon Crawl Stone Soup version 0.21-a0-442-g848f44b (webtiles) character file.

42 AverageBear the Cutter (level 3, 11/22 HPs)
             Began as a Deep Elf Fighter on Nov 13, 2017.
             Quit the game on level 2 of the Dungeon.
             The game lasted 00:00:47 (833 turns).

AverageBear the Cutter (Deep Elf Fighter)            Turns: 833, Time: 00:00:48

Health: 11/22      AC:  6    Str: 14    XL:     3   Next: 35%
Magic:  5/5        EV:  6    Int: 12    God:
Gold:   74         SH:  8    Dex: 14    Spells: 2/2 levels left

rFire    . . .     SeeInvis .   a - +0 rapier
rCold    . . .     Gourm    .   c - +0 shield
rNeg     . . .     Faith    .   b - +0 scale mail
rPois    .         Spirit   .   (no helmet)
rElec    .         Reflect  .   (no cloak)
rCorr    .         Harm     .   (no gloves)
MR       .....                  (no boots)
Stlth    ..........             (no amulet)
HPRegen  0.07/turn              (no ring)
MPRegen  0.09/turn              (no ring)

@: no status effects
A: no striking features
a: no special abilities


You were on level 2 of the Dungeon.
You were not hungry.

You visited 1 branch of the dungeon, and saw 2 of its levels.

You collected 74 gold pieces.

Inventory:

Hand Weapons
 a - a +0 rapier (weapon)
Armour
 b - a +0 scale mail (worn)
 c - a +0 shield (worn)
Scrolls
 e - a scroll of recharging {unknown}
 g - a scroll of identify {unknown}
 h - a scroll of remove curse {unknown}
 i - 2 scrolls of enchant armour {unknown}
Potions
 d - a potion of might
 j - a potion of lignification {unknown}
 k - 2 potions of flight {unknown}
Comestibles
 f - a bread ration
 l - 10 chunks of flesh


   Skills:
 - Level 2.4 Fighting
 + Level 3.8 Short Blades
 - Level 2.4 Armour
 - Level 2.4 Shields


You had 2 spell levels left.
You didn't know any spells.

Dungeon Overview and Level Annotations

Branches:
Dungeon (2/15)

Altars:


Message History

a club; a goblin skeleton; 2 chunks of flesh There isn't anything to butcher here.
You puncture the goblin!
You kill the goblin!
You feel sick.
You are no longer poisoned.
You now have 65 gold pieces (gained 9).
Things that are here:
a club; a goblin corpse You now have 74 gold pieces (gained 9).
Things that are here:
a club; a goblin corpse You butcher the goblin corpse.
l - 8 chunks of flesh (gained 3)
You see here a club.
l - 10 chunks of flesh (gained 2)
Things that are here:
a club; a goblin skeleton There isn't anything to butcher here.
Are you sure you want to abandon this character and quit the game? (Confirm with "yes".)

#.#.#.# #$....#
##..#..# #...#.<#
#.#....# #....#.#
##......# #.).....#
#.###@#.....#
#....(#..#.#..#
#....#####........#
... ........... #
##.##.....## #.#
..#..# .# .#


There were no monsters in sight!

Vanquished Creatures
  An adder (D:2)
  An ooze (D:1)
  A worm (D:2)
  A dart slug (D:1)
  A leopard gecko (D:1)
  A ball python (D:1)
  6 goblins
  A hobgoblin (D:1)
  A bat (D:1)
  2 frilled lizards (D:1)
  3 kobolds (D:1)
  6 rats (D:1)
25 creatures vanquished.

Notes
Turn   | Place    | Note
-------+----------+-------------------------------------------
     0 | D:1      | AverageBear the Deep Elf Fighter began the quest for the Orb.
     0 | D:1      | Reached XP level 1. HP: 13/13 MP: 3/3
   158 | D:1      | Reached XP level 2. HP: 13/18 MP: 4/4
   254 | D:1      | Reached skill level 3 in Short Blades
   795 | D:2      | Reached XP level 3. HP: 22/22 MP: 5/5
   833 | D:2      | Quit the game

Vault maps used:
D:1:      scummos_arrival_simple_fountains, minmay_surrounded
D:2:      marbit_many_paths, evilmike_ruin_ashenzari

Skill      XL: |  1  2 |
---------------+-------+-----
Short Blades   | 3 |  3.8
Fighting       | |  2.4
Armour         | |  2.4
Shields        | |  2.4

Action                   || total
-------------------------++-------
Melee: Rapier            ||    82
Armor: Scale mail        ||    26
Dodge: Dodged            ||    25
Block: Shield            ||    47

Table legend:
 A = Spawn XP
 B = Non-spawn XP
 C = Spawn XP percentage of total XP
 D = Spawn monster count
 E = Non-spawn monster count
 F = Spawn count percentage of total count
 G = Total turns spent on level
                    A         B        C        D         E        F      G
               +---------+---------+-------+---------+---------+-------+---------
         Total |       0 |      61 |   0.0 |       0 |      25 |   0.0 |   833
               +---------+---------+-------+---------+---------+-------+---------
           D:1 |       0 |      37 |   0.0 |       0 |      20 |   0.0 |   788
           D:2 |       0 |      24 |   0.0 |       0 |       5 |   0.0 |    45
               +---------+---------+-------+---------+---------+-------+---------
